 Seeded DCSS version 0.30.1-9-gdf580d7c3d (webtiles) character file.

Game seed: 7229806256980976716 (custom seed)

9714 Psyclone the Fighter (level 11, -8/81 HPs)
             Began as an Octopode Venom Mage on Oct 3, 2023.
             Was an Initiate of Gozag.
             Mangled by a two-headed ogre
             ... wielding a +0 giant club
              (12 damage)
             ... on level 10 of the Dungeon.
             The game lasted 00:23:54 (6756 turns).

Psyclone the Fighter (Octopode Venom Mage)          Turns: 6756, Time: 00:23:54

Health: -8/81      AC:  4    Str:  8    XL:     11   Next: 50%
Magic:  21/33      EV: 15    Int: 29    God:    Gozag
Gold:   183        SH:  0    Dex:  9    Spells: 16/29 levels left

rFire   + . .        a - +3 Elemental Staff {rElec rF+ rC+ AC+3}
rCold   + + +        (no shield)
rNeg    . . .        (helmet restricted)
rPois   +            (no amulet)
rElec   +            e - ring of the Mage {Wiz Archmagi}
rCorr   .            f - ring "Yjoxom" {Contam rPois rC++ MP+9 Int+8 Dex-4}
SInv    .            (no ring)
Will    .....        (no ring)
Stlth   +++          (no ring)
HPRegen 0.33/turn    (no ring)
MPRegen 0.23/turn    (no ring)
                     (no ring)

%: wizardry (x1), archmagi
@: radiating poison, gold aura, very slightly contaminated
A: almost no armour, amphibious, 8 rings, camouflage 1, gelatinous body 1,
(nimble swimmer 1), tentacles, wild magic 1
a: Renounce Religion, Potion Petition, Call Merchant, Bribe Branch


You were on level 10 of the Dungeon.
You worshipped Gozag.
Gozag was aware of your devotion.
You visited 1 branch of the dungeon, and saw 10 of its levels.
You also visited: Ossuary and Bailey.

You collected 418 gold pieces.
You paid 235 gold pieces to Gozag.

Inventory:

Hand Weapons
 a - the +3 Elemental Staff (weapon) {rElec rF+ rC+ AC+3}
   (You acquired it on level 1 of the Dungeon)

   It enhances your fire, ice, earth and air magic.
   AC:        It affects your AC (+3).
   rF:        It protects you from fire.
   rC:        It protects you from cold.
   rElec:     It insulates you from electricity.
Missiles
 h - a throwing net {!f}
Jewellery
 e - the ring of the Mage (left tentacle) {Wiz Archmagi}
   (You acquired it on level 1 of the Dungeon)

   [ring of wizardry]

   It improves your spell success rate.
   Archmagi:  It increases the power of your magical spells.
 f - the ring "Yjoxom" (right tentacle) {Contam rPois rC++ MP+9 Int+8 Dex-4}
   (You acquired it on level 1 of the Dungeon)

   [ring of magical power]

   Int:       It affects your intelligence (+8).
   Dex:       It affects your dexterity (-4).
   rC:        It greatly protects you from cold.
   rPois:     It protects you from poison.
   MP:        It affects your magic capacity (+9).
   Contam:    It causes magical contamination when unequipped.
Scrolls
 b - 3 scrolls of amnesia {unknown}
 d - 2 scrolls of blinking {unknown}
 g - 8 scrolls of identify {unknown}
 j - 2 scrolls of enchant armour {unknown}
 k - a scroll of teleportation {unknown}
 o - 2 scrolls of poison {unknown}
 r - a scroll of brand weapon {unknown}
 w - a scroll of fog {unknown}
 x - a scroll of butterflies {unknown}
 y - 3 scrolls of silence {unknown}
 B - 3 scrolls of vulnerability {unknown}
 D - 3 scrolls of magic mapping {unknown}
 F - a scroll of torment {unknown}
 I - a scroll of immolation {unknown}
 J - a scroll of enchant weapon {unknown}
Potions
 c - a potion of magic
 i - 4 potions of might {unknown}
 l - a potion of invisibility {unknown}
 m - 3 potions of brilliance {unknown}
 n - 6 potions of curing {unknown}
 p - 3 potions of mutation
 q - 2 potions of cancellation {unknown}
 s - 4 potions of attraction {unknown}
 t - 2 potions of lignification {unknown}
 u - 3 potions of heal wounds {unknown}
 v - 2 potions of flight {unknown}
 z - a potion of berserk rage {unknown}
 A - a potion of ambrosia {unknown}
 C - a potion of degeneration {unknown}
 E - 2 potions of haste {unknown}
 G - a potion of resistance {unknown}


   Skills:
 + Level 9.8 Fighting
 + Level 8.3 Dodging
 - Level 2.7 Stealth
 + Level 9.5 Spellcasting
 - Level 6.0 Necromancy
 - Level 1.0 Transmutations
 - Level 8.0 Poison Magic


You had 16 spell levels left.
You knew the following spells:

 Your Spells              Type           Power      Damage    Failure   Level
a - Poisonous Vapours     Pois/Air       100%       N/A       1%          2
b - Dispel Undead         Necr           76%        3d25      2%          4
v - Sting                 Tmut/Pois      100%       1d8       1%          1
x - Olgreb's Toxic Radia  Pois           87%        N/A       1%          4
y - Cigotuvi's Dreadful   Necr/Pois/Air  100%       N/A       1%          2

Your spell library contained the following spells:

 Spells                   Type           Power      Damage    Failure   Level
 Mephitic Cloud           Conj/Pois/Air  71%        N/A       2%          3
 Petrify                  Tmut/Erth      49%        N/A       17%         4
 Death Channel            Necr           38%        N/A       26%         6
 Freezing Cloud           Conj/Ice/Air   28%        6-21      45%         5
 Metabolic Englaciation   Hex/Ice        20%        N/A       45%         5
 Statue Form              Tmut/Erth      32%        N/A       89%         6


Dungeon Overview and Level Annotations

Branches:
Dungeon (10/15) Zot: 26873  Temple (0/1) D:4         Ossuary (visited)
 Bailey (visited)
   Lair: D:8-11         Orc: D:9-12

Altars:
Elyvilon
Gozag
Qazlal
Zin
The Shining One

Shops:
D:6 :

Annotations:
D:3 3 runed translucent doors


Innate Abilities, Weirdness & Mutations

You cannot wear most types of armour.
You are amphibious.
You can wear up to eight rings at the same time.
Your skin changes colour to match your surroundings (Stealth+).
Your rubbery body absorbs attacks. (AC +1, EV +1)
((You are camouflaged when in or above water. (Stealth+)))
You have tentacles for arms and can constrict up to eight enemies at once.
Your spells are a little harder to cast, but a little more powerful.


Message History

Found a scroll labelled WUBBUN RUOS.
You take 15 damage, and have 35/81 hp.
You barely miss the yak.
The yak is moderately wounded.
The yak misses you.
The two-headed ogre hits you with a +0 giant club.
The two-headed ogre misses you. The yak barely misses you.
You take 6 damage, and have 29/81 hp.
Casting: Poisonous Vapours (safe; 1% risk of failure)
Confirm with . or Enter, or press ? or * to list all spells.
You feel a surge of power!
You begin to radiate toxic energy.
The yak is poisoned. x2; The yak looks even sicker.
The yak gores you.
You take 1 damage, and have 28/81 hp.
You now have 22/33 mp.
Casting: Olgreb's Toxic Radiance (mildly dangerous; 1% risk of failure)
Confirm with . or Enter, or press ? or * to list all spells.
Aiming: Poisonous Vapours (safe; 1% risk of failure)
Press: ? - help, Dir - move target, f/p - two-headed ogre
Aim: a two-headed ogre, wielding two +0 giant clubs (severely wounded, poisoned)
You feel a strong surge of power!
Poisonous vapours surround the two-headed ogre!
The two-headed ogre looks as sick as possible!
The yak looks even sicker.
You kill the yak!
The two-headed ogre hits you with a +0 giant club!
* * * LOW HITPOINT WARNING * * *
The two-headed ogre hits you with a +0 giant club!
* * * LOW HITPOINT WARNING * * *
The yak gores you!
* * * LOW HITPOINT WARNING * * *
You take 24 damage, and have 4/81 hp.
MASSIVE DAMAGE!!
You now have 21/33 mp.
As you read the scroll labelled KOSOEMNUXE GUHUFF, it crumbles to dust.
You assume a fearsome visage.
The yak looks frightened!
The two-headed ogre looks frightened!
It was a scroll of fear.
Your attack snaps the yak out of its fear.
The yak looks even sicker.
Your attack snaps the two-headed ogre out of its fear.
The two-headed ogre looks as sick as possible!
The two-headed ogre hits you with a +0 giant club!
You die...
Your body crumbles into a pile of gold.

###.#######
#.# #.# #.#
#.# . ###.#
#.# +...#
..?#
##.+####..#
#.$Y@.?..#
#†###O####
#.#....$#
#.#.#.###
#.#.._..#
#Y###.#.#
#.#$....#
#†###.####
#........#


You could see a two-headed ogre (extremely poisoned) and a yak (very poisoned).

Vanquished Creatures
  An orc warlord (Bailey)
  An orc knight (Bailey)
  A wraith (D:10)
  4 yaks (D:10)
  A black bear (D:6)
  13 orc warriors (Bailey)
  An ice beast (D:6)
  2 hornet zombies (Ossuary)
  A kobold brigand (D:10)
  4 scorpions
  2 wyvern zombies (Ossuary)
  2 water moccasin zombies (Ossuary)
  3 wights (D:8)
  5 killer bees (D:9)
  2 electric eels (D:6)
  3 bullfrog zombies (Ossuary)
  2 centaur zombies (Ossuary)
  A gnoll bouda (D:6)
  A jelly (D:2)
  4 orc priests
  An iguana (D:6)
  A sleepcap (D:4)
  An orc wizard (D:6)
  3 killer bee zombies (Ossuary)
  16 mummies
  2 howler monkey zombies (Ossuary)
  10 gnolls
  8 adders
  A shadow imp (D:5)
  An ufetubus (D:3)
  3 worms
  16 orcs
  6 ball pythons
  5 bats
  4 endoplasms
  6 giant cockroaches
  16 goblins
  15 hobgoblins
  20 jackals
  6 kobolds
  4 quokkas
  A frilled lizard (D:1)
  A goblin zombie (D:4)
  An orc zombie (D:4)
  4 rats
206 creatures vanquished.

Notes
Turn   | Place    | Note
-------+----------+-------------------------------------------
     0 | D:1      | Psyclone the Octopode Venom Mage began the quest for the
                  | Orb.
     0 | D:1      | Reached XP level 1. HP: 11/11 MP: 3/3
    80 | D:1      | Identified 3 scrolls of acquirement
    80 | D:1      | Acquired the ring of the Mage {Wiz Archmagi}
    80 | D:1      | Found the ring of the Mage {Wiz Archmagi}
    86 | D:1      | Acquired the ring "Yjoxom" {Contam rPois rC++ MP+9 Int+8
                  | Dex-4}
   207 | D:1      | Acquired the +3 Elemental Staff {rElec rF+ rC+ AC+3}
   207 | D:1      | Found the +3 Elemental Staff {rElec rF+ rC+ AC+3}
   462 | D:1      | Gained mutation: Your spells are a little harder to cast,
                  | but a little more powerful. [potion of mutation]
   769 | D:1      | Reached XP level 2. HP: 17/17 MP: 5/5
   775 | D:1      | Reached skill level 1 in Necromancy
   991 | D:1      | Reached XP level 3. HP: 21/21 MP: 6/6
  1271 | D:2      | Learned a level 2 spell: Poisonous Vapours
  1711 | D:2      | Reached XP level 4. HP: 23/27 MP: 8/8
  2066 | D:2      | Reached XP level 5. HP: 31/31 MP: 10/10
  2395 | D:3      | Found a runed translucent gate.
  2395 | D:3      | Found a runed translucent gate.
  2395 | D:3      | Found a runed translucent gate.
  2767 | D:3      | Found a glowing silver altar of Zin.
  2975 | D:3      | Learned a level 4 spell: Dispel Undead
  2980 | D:3      | Learned a level 4 spell: Olgreb's Toxic Radiance
  3035 | D:4      | Found a white marble altar of Elyvilon.
  3105 | D:4      | Found a glowing golden altar of the Shining One.
  3208 | D:4      | Found a stormy altar of Qazlal.
  3235 | D:4      | Found a staircase to the Ecumenical Temple.
  3387 | D:4      | Reached XP level 6. HP: 33/36 MP: 11/11
  3496 | D:4      | Found a sand-covered staircase.
  3501 | Ossuary  | Entered an ossuary
  3602 | Ossuary  | Reached skill level 5 in Necromancy
  3617 | Ossuary  | Reached XP level 7. HP: 35/41 MP: 3/12
  3824 | Ossuary  | Reached skill level 5 in Spellcasting
  4123 | Ossuary  | Reached XP level 8. HP: 46/46 MP: 16/17
  4137 | Ossuary  | Reached skill level 5 in Poison Magic
  4297 | Ossuary  | Reached skill level 1 in Fighting
  4668 | D:5      | Entered Level 5 of the Dungeon
  5279 | D:6      | Found Xixtot's Book Boutique.
  5425 | D:7      | Found a flagged portal.
  5446 | Bailey   | Entered a bailey
  5465 | Bailey   | Reached skill level 5 in Fighting
  5465 | Bailey   | Reached XP level 9. HP: 61/61 MP: 18/18
  5516 | Bailey   | Learned a level 2 spell: Cigotuvi's Dreadful Rot
  5900 | Bailey   | Noticed an orc warlord
  5902 | Bailey   | Noticed an orc knight
  5924 | Bailey   | Killed an orc knight
  5925 | Bailey   | Reached XP level 10. HP: 47/69 MP: 8/22
  5959 | Bailey   | Killed an orc warlord
  6182 | D:7      | Reached XP level 11. HP: 80/80 MP: 24/24
  6631 | D:10     | Entered Level 10 of the Dungeon
  6722 | D:10     | Noticed a two-headed ogre
  6733 | D:10     | Found an opulent altar of Gozag.
  6738 | D:10     | Became a worshipper of Gozag Ym Sagoz the Greedy
  6755 | D:10     | HP: 4/81 [yak (10)]
  6756 | D:10     | Mangled by a two-headed ogre

Illustrated notes

Levels and vault maps discovered:
D:1:      spicycebolla_arrival_ecumenical, layout_loops_ring
D:2:      layout_basic
D:3:      layout_rooms, mainiacjoe_overflow_paths, gammafunk_ghost_necromancy
D:4:      layout_rooms, tso_metal_star, mainiacjoe_overflow_catwalk,
          elyvilon_altar_5, minmay_temple_entry_stoned_glass,
          nicolae_ossuary_entry_giza, minmay_misc_feat_square, minivault_4
D:5:      layout_basic
D:6:      kennysheep_six_static_rooms, layout_basic, serial_shops,
          nicolae_shop_stone, serial_bayou_lagoon_b
D:7:      layout_basic, enter_bailey_2
D:8:      minmay_recursive_quarters, layout_layer_cave
D:9:      layout_gridville, trog_book
D:10:     kb_forest_paths, layout_basic,
          nicolae_gozag_cash_rules_everything_around_me, serial_shops, shop,
          minmay_tree_intersection, kennysheep_path_1

Skill      XL: |  1  2  3  4  5  6  7  8  9 10 11 |
---------------+----------------------------------+-----
Necromancy     | 1 2 4 5 6 |  6.0
Spellcasting   | 3 6 8 9 |  9.5
Poison Magic   | 6 8 |  8.0
Fighting       | 5 6 9 |  9.8
Dodging        | 7 8 |  8.3
Stealth        | |  2.7
Transmutations | |  1.0

Action                     |  1- 3 |  4- 6 |  7- 9 | 10-12 || total
---------------------------+-------+-------+-------+-------++-------
  Melee: Staff             |    14 |    71 |    20 |    13 ||   118
         Tentacles         |     2 |    13 |     8 |     2 ||    25
         Constrict         |     1 |    17 |     5 |     3 ||    26
         Punch             |       |       |     1 |       ||     1
   Cast: Sting             |    33 |    10 |       |     6 ||    49
         Poisonous Vapours |    17 |    27 |    21 |     8 ||    73
         Dispel Undead     |       |    11 |    28 |     6 ||    45
         Olgreb's Toxic Ra |       |       |    16 |    11 ||    27
         Cigotuvi's Dreadf |       |       |     2 |     1 ||     3
    Use: Scroll            |     3 |       |       |     1 ||     4
         Potion            |     1 |       |       |     1 ||     2
   Stab: Sleeping          |     1 |     3 |       |       ||     4
 Armour: Skin              |     4 |    38 |     9 |     3 ||    54
  Dodge: Dodged            |    17 |    68 |    36 |    17 ||   138
